 Dungeon Crawl Stone Soup version 0.31-a0-150-g89dc3ad700 (webtiles) character file.

Game seed: 1192744498065111145

25803 Pooter the Severer (level 12, -3/111 (112) HPs)
             Began as a Minotaur Fighter on June 8, 2023.
             Was a Priest of Okawaru.
             Killed from afar by a hell hound (31 damage)
             ... with a blast of flame
             ... on level 4 of the Lair of Beasts on June 9, 2023.
             The game lasted 01:10:43 (14266 turns).

Pooter the Severer (Minotaur Fighter)              Turns: 14266, Time: 01:10:44

HP:   -3/111 (112)  AC: 20    Str: 24    XL:     12   Next: 92%
MP:   7/13          EV: 11    Int:  5    God:    Okawaru [***...]
Gold: 155           SH:  5    Dex: 16    Spells: 11/11 levels left

rFire   . . .        a - +6 war axe
rCold   . . .        (no shield)
rNeg    . . .        I - +5 chain mail of Infinity {Dex+4}
rPois   .            (helmet restricted)
rElec   .            Z - scarf {harm}
rCorr   .            O - +0 pair of gloves
SInv    .            F - +1 pair of boots
Will    .....        T - amulet of reflection
Stlth   +            C - +4 ring of slaying
HPRegen 0.38/turn    z - +4 ring of slaying
MPRegen 0.13/turn

%: harm (+30% outgoing, +20% incoming), reflection
@: mighty, heroic, finesse-ful, lightly drained
A: horns 2, retaliatory headbutt
a: Renounce Religion, Heroism


You were on level 4 of the Lair of Beasts.
You worshipped Okawaru.
Okawaru was most pleased with you.
You visited 3 branches of the dungeon, and saw 16 of its levels.
You also visited: Ossuary and Gauntlet.

You collected 597 gold pieces.
You spent 442 gold pieces at shops.

Inventory:

Hand Weapons
 a - a +6 war axe (weapon)
   (You took it off a wight on level 7 of the Dungeon)
 b - a +3 arbalest of flaming
   (Okawaru gifted it to you on level 2 of the Lair of Beasts)
 S - a +3 trident
   (You took it off a wight on level 7 of the Dungeon)
Missiles
 i - 16 poisoned darts
 H - 8 boomerangs (quivered)
 Q - 134 stones
 U - 5 throwing nets {!f}
 X - 11 silver javelins
Armour
 n - a +2 plate armour of willpower
   (You found it in a Gauntlet)
 o - a +2 plate armour of cold resistance
   (You took it off a minotaur in a Gauntlet)
 x - a scarf of repulsion
   (You bought it in a shop on level 3 of the Dungeon)
 F - a +1 pair of boots (worn)
   (You found it on level 4 of the Dungeon)
 I - the +5 chain mail of Infinity (worn) {Dex+4}
   (You took it off a hobgoblin on level 4 of the Dungeon)

   Dex:       It affects your dexterity (+4).
 O - a +0 pair of gloves (worn)
   (You found it on level 8 of the Dungeon)
 Z - a scarf of harm (worn)
   (You bought it in a shop on level 3 of the Dungeon)
Jewellery
 j - a +6 ring of dexterity
   (You found it on level 3 of the Dungeon)
 z - a +4 ring of slaying (right hand)
   (You found it on level 4 of the Dungeon)
 C - a +4 ring of slaying (left hand)
   (You found it in an ossuary)
 P - a ring of poison resistance
   (You found it in an ossuary)
 T - an amulet of reflection (around neck)
   (You found it on level 9 of the Dungeon)
 V - a +6 ring of strength
   (You found it in a Gauntlet)
Wands
 c - a wand of quicksilver (5)
   (You found it in a Gauntlet)
 f - a wand of flame (10)
   (You found it on level 2 of the Lair of Beasts)
 u - a wand of paralysis (8)
   (You found it on level 6 of the Dungeon)
 y - a wand of roots (13)
   (You found it on level 7 of the Dungeon)
 D - a wand of digging (4)
   (You found it in a Gauntlet)
 R - a wand of mindburst (8)
   (You found it on level 8 of the Dungeon)
Scrolls
 d - a scroll of enchant armour
 k - 3 scrolls of blinking
 m - 2 scrolls of fog
 s - 2 scrolls of silence
 t - 5 scrolls of teleportation {@r4}
 w - a scroll of fear
 K - a scroll of magic mapping
 N - a scroll of poison {!r}
Potions
 e - a potion of degeneration {unknown}
 g - 2 potions of cancellation
 h - a potion of heal wounds {unknown}
 l - 2 potions of haste {@q3}
 p - 8 potions of ambrosia
 q - 4 potions of enlightenment
 r - a potion of magic {unknown}
 v - 2 potions of berserk rage
 B - 5 potions of lignification {!q}
 E - 5 potions of mutation {!q}
 G - 4 potions of might
 L - a potion of resistance
Miscellaneous
 A - a tin of tremorstones (inert)
   (You found it in a Gauntlet)


   Skills:
 + Level 12.2(17.2) Fighting
 - Level 16.0(21.0) Axes
 * Level 14.7(19.7) Ranged Weapons
 + Level 4.9(9.9) Armour
 - Level 0.8(5.8) Stealth
 - Level 3.6(8.6) Shields
 * Level 3.8 Invocations


You had 11 spell levels left.
You didn't know any spells.
Your spell library contained the following spells:

 Spells                   Type           Power      Damage    Failure   Level
 Freeze                   Ice            0%         1d3       92%         1
 Kiss of Death            Conj/Necr      0%         2d5       92%         1
 Blink                    Tloc           0%         N/A       98%         2
 Cigotuvi's Dreadful Rot  Necr/Pois/Air  0%         N/A       98%         2
 Confusing Touch          Hex            0%         N/A       100%        3
 Frozen Ramparts          Ice            0%         1d1       100%        3
 Hailstorm                Conj/Ice       0%         3d3       100%        3
 Ignite Poison            Fire/Tmut/Pois 0%         N/A       100%        3
 Dispel Undead            Necr           0%         3d6       100%        4
 Manifold Assault         Tloc           0%         N/A       100%        4
 Freezing Cloud           Conj/Ice/Air   0%         6-21      100%        5
 Conjure Ball Lightning   Conj/Air       0%         3x3d6     100%        6
 Eringya's Noxious Bog    Tmut/Pois      0%         N/A       100%        6
 Starburst                Conj/Fire      0%         6d3       100%        6
 Storm Form               Tmut/Air       0%         N/A       100%        7
 Maxwell's Capacitive Co  Air            0%         ∞         100%        8
 Summon Cactus Giant      Summ           Unusable   N/A       N/A         6

Dungeon Overview and Level Annotations

Branches:
Dungeon (10/15)            Temple (1/1) D:5            Lair (5/5) D:10
  Swamp (0/4) Lair:2       Spider (0/4) Lair:2        Slime (0/5) Lair:5
Ossuary (visited)         Gauntlet (visited)
    Orc: D:9-12

Altars:
Cheibriados
Dithmenos
Elyvilon
Gozag
Kikubaaqudgha
Makhleb
Nemelex Xobeh
Okawaru
Ru
Trog
Uskayaw
Vehumet
The Shining One
Jiyva

Shops:
D:3 [*[   D:5 :

Portals:
Trove: D:10 (give +7 demon whip)


Innate Abilities, Weirdness & Mutations

You have a pair of horns on your head.
You reflexively headbutt those who attack you in melee.


Message History

The hell rat barely misses you. The hell hound barely misses you.
You furiously retaliate!
You headbutt the hell hound!!
There is a stone staircase leading up, spattered with blood here.
You see here a rime drake corpse.
You feel yourself slow down. The basilisk bites you.
The rime drake completely misses you. You furiously retaliate!
You headbutt the rime drake!! The hell rat bites you!
You feel drained. The hell hound bites you.
You climb upwards.
The yak gores you! You block the yak's attack.
The yak gores you but does no damage.
A yak comes into view.
You block the yak's attack.
There is a stone staircase leading down here.
You gain the combat prowess of a mighty hero.
The ice encasing you melts away.
The yak bellows!
The hell hound closely misses you. You block the rime drake's attack.
The basilisk bites you!
* * * LOW HITPOINT WARNING * * *
The hell rat bites you!
* * * LOW HITPOINT WARNING * * *
The yak barely misses you. You furiously retaliate!
You headbutt the yak!!
You kill the yak!
Okawaru accepts your kill. The yak gores you but does no damage.
The tremorstone explodes into fragments!
The burst of rock shards engulfs the hell rat!
You hear an angry hiss.
You hear a bellow! x3; You hear a loud, deep croak!
You hear a howl! x2
The hell hound bites you but does no damage.
The rime drake breathes ice at you. The icy flash freeze misses you.
The icy flash freeze misses the yak.
The basilisk bites you.
* * * LOW HITPOINT WARNING * * *
The hell rat bites you but does no damage.
The yak gores you but does no damage.
The hell hound bites you but does no damage.
The tremorstone explodes into fragments!
The burst of rock shards engulfs the hell rat!
You kill the hell rat!
Okawaru accepts your kill.
The burst of rock shards engulfs the yak!
The burst of rock shards engulfs you but does no damage.
The burst of rock shards engulfs the basilisk!
The tin is emptied!
You hear a bellow!
You hear a shout!
You hear a howl! x2
The rime drake closely misses you. The hell hound breathes flames at you.
The blast of flame hits you!!
You die...

## ##.#### .#
#####....Y##...##
....Y..÷.@k......
.......>†lh......
#.P##.###########
#


You could see 2 yaks, a basilisk, a rime drake and a hell hound (catching
breath).

Vanquished Creatures
  A minotaur (Gauntlet)
  Harold (D:9)
  Erolcha (D:9)
  2 two-headed ogres
  5 death yaks
  A wizard (Gauntlet)
  4 elephants (Lair:3)
  A black mamba (Lair:3)
  A torpor snail (Lair:1)
  7 cane toads
  3 komodo dragons (Lair:1)
  A rime drake (Lair:5)
  A troll (D:10)
  A polar bear (Lair:2)
  A queen bee (Lair:2)
  2 tyrant leeches
  Prince Ribbit (D:9)
  4 blink frogs (Lair:1)
  3 jumping spiders (Lair:2)
  2 wraiths
  26 yaks
  3 wyverns
  A redback (Lair:2)
  5 steam dragons
  Menkaure (D:6)
  7 water moccasins
  5 swamp worms
  An acid dragon (D:9)
  A sky beast (D:6)
  4 ice beasts
  2 black bears
  7 wolves (Lair:1)
  2 orc warriors
  4 centaurs
  A phantom (D:7)
  7 bullfrogs
  8 scorpions
  10 wights
  28 killer bees
  A howler monkey (D:9)
  2 electric eels (D:9)
  4 jellies
  3 centaur zombies (Ossuary)
  3 human zombies (Ossuary)
  2 hounds (D:5)
  3 orc priests
  An iguana (D:6)
  Terence (D:3)
  7 orc wizards
  5 scorpion zombies (Ossuary)
  A sleepcap (D:5)
  4 hell rats
  3 mummies (Ossuary)
  8 adders
  8 gnolls
  2 river rats (D:9)
  3 shadow imps
  A white imp (D:7)
  2 ufetubi (Gauntlet)
  A dart slug (D:2)
  42 orcs
  6 ball pythons
  6 endoplasms
  2 giant cockroaches (D:2)
  4 goblins
  9 hobgoblins
  8 kobolds
  2 quokkas
  5 bats
  4 frilled lizards
  A gnoll zombie (Ossuary)
  2 goblin zombies (Ossuary)
  A hobgoblin zombie (Ossuary)
  5 orc zombies (Ossuary)
  7 rats
335 creatures vanquished.

Notes
Turn   | Place    | Note
-------+----------+-------------------------------------------
     0 | D:1      | Pooter the Minotaur Fighter began the quest for the Orb.
     0 | D:1      | Reached XP level 1. HP: 19/19 MP: 0/0
   111 | D:1      | Reached XP level 2. HP: 27/27 MP: 1/1
   220 | D:1      | Reached skill level 3 in Axes
   384 | D:2      | Reached skill level 1 in Ranged Weapons
   387 | D:2      | Reached XP level 3. HP: 32/33 MP: 2/2
   706 | D:2      | Reached XP level 4. HP: 40/40 MP: 3/3
   794 | D:2      | Reached skill level 4 in Axes
  1082 | D:3      | Noticed Terence
  1089 | D:3      | Killed Terence
  1122 | D:3      | Found Hyirummo's Assorted Antiques.
  1137 | D:3      | Bought a murky red potion for 16 gold pieces
  1137 | D:3      | Bought a clear potion for 16 gold pieces
  1137 | D:3      | Bought a fuming puce potion for 16 gold pieces
  1137 | D:3      | Bought a scroll labelled FON JAMOUDINY for 18 gold pieces
  1228 | D:3      | Found Famogoaq's Armour Shoppe.
  1453 | D:3      | Identified the +8 dagger of Shame {flame, Contam rN+ Will+
                  | Str+4}
  1468 | D:3      | Reached XP level 5. HP: 43/47 MP: 4/4
  1593 | D:3      | Found Koahue's General Store.
  1932 | D:3      | Found Plog's Antique Armour Emporium.
  2228 | D:4      | Identified the +1 whip of Precise Incision {heavy, Drain
                  | Dex+3}
  2337 | D:4      | Reached skill level 5 in Axes
  2698 | D:4      | You fall into a shaft and drop 2 floors!
  2702 | D:6      | Noticed Menkaure
  2709 | D:6      | Killed Menkaure
  2710 | D:6      | Reached skill level 5 in Fighting
  2710 | D:6      | Reached XP level 6. HP: 18/56 MP: 5/5
  2854 | D:6      | Noticed a sky beast
  2861 | D:6      | Killed a sky beast
  2862 | D:6      | Reached skill level 6 in Axes
  2862 | D:6      | Reached skill level 5 in Ranged Weapons
  2862 | D:6      | Reached XP level 7. HP: 42/61 MP: 6/6
  2996 | D:6      | Reached skill level 7 in Axes
  3169 | D:6      | Found a sand-covered staircase.
  3178 | Ossuary  | Entered an ossuary
  3422 | Ossuary  | Reached XP level 8. HP: 70/70 MP: 7/7
  3634 | Ossuary  | Reached skill level 8 in Axes
  4063 | D:5      | Entered Level 5 of the Dungeon
  4071 | D:5      | Reached skill level 9 in Axes
  4473 | D:4      | Reached XP level 9. HP: 79/79 MP: 8/8
  4508 | D:4      | Identified the +5 chain mail of Infinity {Dex+4}
  4644 | D:5      | Found a staircase to the Ecumenical Temple.
  4650 | Temple   | Entered the Ecumenical Temple
  4729 | Temple   | Became a worshipper of Warmaster Okawaru
  4927 | D:5      | Found Guschom's Tremendous Tomes.
  5249 | D:5      | Found a large runed translucent door.
  5250 | D:5      | Found a large runed translucent door.
  5394 | D:5      | Found an opulent altar of Gozag.
  5406 | D:5      | Found a shadowy altar of Dithmenos.
  5583 | D:6      | Noticed a two-headed ogre
  5593 | D:6      | Killed a two-headed ogre
  5594 | D:6      | Reached skill level 10 in Axes
  5881 | D:6      | Reached * piety under Okawaru
  6363 | D:7      | Reached skill level 11 in Axes
  6456 | D:7      | Reached XP level 10. HP: 64/90 MP: 9/9
  6757 | D:3      | Bought a scarf of repulsion for 168 gold pieces
  7204 | D:7      | Upgraded the game from 0.31-a0-149-g3fdcc5976a to
                  | 0.31-a0-150-g89dc3ad700
  7222 | D:8      | Reached skill level 10 in Ranged Weapons
  7470 | D:8      | Reached ** piety under Okawaru
  7760 | D:9      | Noticed Prince Ribbit
  7764 | D:9      | Killed Prince Ribbit
  7766 | D:9      | Noticed Harold
  7774 | D:9      | Noticed a two-headed ogre
  7775 | D:9      | Killed Harold
  7776 | D:9      | Reached skill level 12 in Axes
  7877 | D:9      | Noticed Erolcha
  7989 | D:9      | Killed a two-headed ogre
  7989 | D:9      | Reached *** piety under Okawaru
  8566 | D:9      | Killed Erolcha
  8567 | D:9      | Reached skill level 13 in Axes
  8567 | D:9      | Reached XP level 11. HP: 68/99 MP: 7/10
  9618 | D:10     | Entered Level 10 of the Dungeon
  9618 | D:10     | Noticed a death yak
  9618 | D:10     | Noticed a death yak
  9618 | D:10     | Found a staircase to the Lair.
  9619 | D:10     | Noticed a death yak
  9778 | D:9      | Reached skill level 10 in Fighting
  9853 | D:9      | Killed a death yak
 10092 | D:10     | Found a portal to a secret trove of treasure.
 10338 | D:9      | Killed a death yak
 10450 | D:10     | Killed a death yak
 11059 | D:3      | Bought a glowing scarf for 208 gold pieces
 11216 | Lair:1   | Entered Level 1 of the Lair of Beasts
 11315 | Lair:1   | Reached skill level 14 in Axes
 11749 | Lair:1   | Reached **** piety under Okawaru
 11797 | Lair:1   | Reached XP level 12. HP: 101/110 MP: 11/11
 11920 | Lair:1   | Noticed a death yak
 11922 | Lair:1   | Noticed a death yak
 11943 | D:10     | Killed a death yak
 11944 | D:10     | Reached skill level 15 in Axes
 11953 | Lair:1   | Killed a death yak
 12914 | Lair:2   | Found a hole to the Spider Nest.
 12953 | Lair:2   | Reached ***** piety under Okawaru
 13186 | Lair:2   | Found a staircase to the Swamp.
 13340 | Lair:2   | Reached skill level 1 in Invocations
 13597 | Lair:2   | Received a gift from Okawaru
 13598 | Lair:2   | Reached skill level 16 in Axes
 13870 | Lair:3   | You fall into a shaft and drop 2 floors!
 13870 | Lair:5   | Entered Level 5 of the Lair of Beasts
 13886 | Lair:5   | Found a staircase to the Slime Pits.
 13886 | Lair:5   | Found a viscous altar of Jiyva.
 13892 | Lair:5   | Found a gate leading to a gauntlet.
 13919 | Gauntlet | Entered a Gauntlet
 13919 | Gauntlet | Found a transporter.
 13945 | Gauntlet | Found a transporter.
 13953 | Gauntlet | Found a transporter.
 13958 | Gauntlet | Found a transporter.
 13960 | Gauntlet | Noticed a balrug
 13963 | Gauntlet | Found a transporter.
 13981 | Gauntlet | Noticed a hell beast
 14003 | Gauntlet | Found a transporter.
 14051 | Gauntlet | Found a transporter.
 14112 | Gauntlet | Found a transporter.
 14148 | Gauntlet | Found a transporter.
 14148 | Gauntlet | Noticed a reaper
 14197 | Gauntlet | Found a transporter.
 14209 | Gauntlet | Found a transporter.
 14220 | Gauntlet | Noticed a minotaur
 14225 | Gauntlet | Killed a minotaur
 14232 | Gauntlet | Got Improving Your Sorcery
 14266 | Lair:4   | Killed from afar by a hell hound

Illustrated notes

Levels and vault maps discovered:
D:1:      psy_arrival_spokes, layout_rooms, nicolae_grassy_gnolls
D:2:      minmay_diamond_boxcup, layout_basic
D:3:      layout_basic, serial_shops, nicolae_shop_back_alley_shop, shop,
          nicolae_shop_waterfront, nicolae_diamond_shop,
          corexii_item_surrounded_by_moat, roderic_serpentine_path, uniq_terence
D:4:      layout_basic
D:5:      layout_gridville, jmf_multi_god_temple2,
          minmay_temple_entry_proselytizer, nicolae_shop_i_like_big_books,
          dk_noncrumbling_3
D:6:      kennysheep_big_flooded_room, layout_basic,
          chequers_ossuary_entry_cave, uniq_menkaure
D:7:      layout_basic
D:8:      layout_rooms
D:9:      nicolae_moon_pools, layout_loops_ring, uniq_harold,
          uniq_prince_ribbit1, uniq_erolcha
D:10:     layout_rooms, dpeg_lair_monsters, nicolae_trove_entry_crossroad
Temple:   nicolae_temple_slightly_damp_pantheon
Lair:1:   layout_small_grid, serial_bayou_shore_b, infiniplex_staircase_pool_2,
          grunt_megastairs_1, serial_bayou_shore_b
Lair:2:   layout_cave_shapes, minmay_swamp_entry_worms, spider_nest_entry_a,
          special_room [special_room_bee]
Lair:3:   layout_concentric_octagons
Lair:4:   layout_long_grid, nicolae_quartered_pool_little, uniq_josephine,
          uniq_nessos
Lair:5:   gammafunk_lair_ancient_temple, layout_cellular_growth, slime_entry_1,
          gauntlet_entry_generic, special_room [special_room_mythical_zoo]

Skill      XL: |  1  2  3  4  5  6  7  8  9 10 11 12 |
---------------+-------------------------------------+-----
Axes           | 3 4 5 6 7 9 11 13 14 16 | 16.0
Ranged Weapons | 1 2 4 5 6 8 9 11 13 14 | 14.7
Fighting       | 4 5 6 7 8 9 11 12 | 12.2
Invocations    | 3 |  3.8
Armour         | 4 |  4.9
Stealth        | |  0.8
Shields        | |  3.6

Action                     |  1- 3 |  4- 6 |  7- 9 | 10-12 || total
---------------------------+-------+-------+-------+-------++-------
  Melee: War axe           |    30 |    70 |   165 |   227 ||   492
         Headbutt          |     6 |    11 |    29 |    50 ||    96
         Punch             |       |       |       |     5 ||     5
   Fire: Sling             |    26 |    42 |    59 |    41 ||   168
         Shortbow          |       |       |       |   118 ||   118
         Arbalest          |       |       |       |     8 ||     8
  Throw: Boomerang         |       |       |       |     2 ||     2
         Stone             |       |       |       |     2 ||     2
 Invoke: Heroism           |       |       |     4 |    20 ||    24
         Finesse           |       |       |       |     3 ||     3
  Evoke: Wand              |       |       |       |    19 ||    19
         Tin of tremorston |       |       |       |     2 ||     2
    Use: Scroll            |       |     8 |     7 |    13 ||    28
         Potion            |       |     2 |       |     5 ||     7
 Armour: Scale mail        |    22 |     3 |       |       ||    25
         Plate armour      |       |    66 |    64 |       ||   130
         Chain mail        |       |       |    28 |   155 ||   183
  Dodge: Dodged            |    19 |    30 |    50 |   131 ||   230
         Repelled          |       |       |       |     2 ||     2
  Block: Buckler           |     4 |    33 |    36 |     7 ||    80
         Other             |       |       |       |    35 ||    35

Table legend: (Time is in decaauts)
 A = Elapsed time spent in this place.
 B = Non-inter-level travel time spent in this place.
 C = Inter-level travel time spent in this place.
 D = Time resting spent in this place.
 E = Time spent auto-exploring this place.
 F = Levels seen in this place.
 G = Mean time per level.
                   A        B        C        D        E       F      G
               +--------+--------+--------+--------+--------+-----+--------+
         Total |  14308 |  13186 |   1122 |   4196 |   6486 |  18 |  794.9 |
       Dungeon |  10352 |   9351 |   1001 |   2900 |   4813 |  10 | 1035.2 |
        Temple |     98 |     80 |     18 |      0 |     61 |   1 |   98.0 |
          Lair |   2681 |   2578 |    103 |    676 |   1461 |   5 |  536.2 |
       Ossuary |    864 |    864 |      0 |    537 |    113 |   1 |  864.0 |
      Gauntlet |    313 |    313 |      0 |     82 |     37 |   1 |  313.0 |
               +--------+--------+--------+--------+--------+-----+--------+

Top non-repeatable levels by time:
     D:9: 2279 daAuts
  Lair:1: 1320 daAuts
     D:3: 1270 daAuts
  Lair:2: 1221 daAuts
     D:6: 1132 daAuts
     D:5: 1106 daAuts
     D:7: 993 daAuts
     D:4: 956 daAuts
 Ossuary: 864 daAuts
     D:8: 861 daAuts
     D:2: 723 daAuts
    D:10: 641 daAuts
     D:1: 386 daAuts
Gauntlet: 313 daAuts
  Temple: 98 daAuts
